 Dungeon Sprint DCSS version 0.18-a0-1285-g60d00e1 (webtiles) character file.

598 Kidiri the Slasher (level 7, -16/58 HPs)
             Began as a Demonspawn Chaos Knight on Feb 9, 2016.
             Demolished by Sonja
             ... wielding a +0 dagger of distortion
              (18 damage)
             ... in the Dungeon (Sprint I: "Red Sonja").
             The game lasted 00:02:29 (240 turns).

Kidiri the Slasher (Demonspawn Chaos Knight)         Turns: 240, Time: 00:02:32

Health: -16/58     AC:  5    Str: 14    XL:     7   Next: 17%
Magic:  14/14      EV: 15    Int: 18    God:    Xom [..*...]
Gold:   416        SH:  0    Dex: 13    Spells: 0 memorised, 15 levels left

rFire  . . .     SeeInvis .     a - +0 falchion (chaos)
rCold  + . .     Gourm    .     b - +2 leather armour
rNeg   . . .     Faith    .     (no shield)
rPois  .         Spirit   .     (no helmet)
rElec  .         Dismiss  .     (no cloak)
rCorr  .         Reflect  .     (no gloves)
SustAt .         Harm     .     (boots unavailable)
MR     .....     NoTele   +     (no amulet)
Stlth  +.........               (no ring)
                                (no ring)

@: brilliant, very slightly contaminated, slowed, very slow, not resistant to
hostile enchantments, very unstealthy
A: hooves 3, cold resistance 1, powered by death 2
a: Renounce Religion


You were in the Dungeon.
You worshipped Xom.
You were a toy of Xom.
You were not hungry.

You visited 1 branch You collected 416 gold pieces.

Inventory:

Hand Weapons
 a - a +0 falchion of chaos (weapon)
Armour
 b - a +2 leather armour (worn)
Wands
 e - a wand of teleportation (4/9)
Scrolls
 i - a scroll of blinking
 k - a scroll of enchant weapon {unknown}
Potions
 f - a potion of haste
 g - 2 potions of magic
 h - a potion of berserk rage
 j - a potion of mutation {unknown}
Comestibles
 c - a bread ration


   Skills:
 + Level 6.2 Fighting
 * Level 7.8 Long Blades
 * Level 7.3 Armour
 * Level 7.0 Dodging
 + Level 4.7 Spellcasting


You had 15 spell levels left.
You didn't know any spells.

Dungeon Overview and Level Annotations

Branches:
Dungeon (1/1)

Altars:
Cheibriados
Dithmenos
Elyvilon
Fedhas
Gozag
Kikubaaqudgha
Makhleb
Nemelex Xobeh
Okawaru
Pakellas
Qazlal
Ru
Sif Muna
Trog
Vehumet
Xom
Yredelemnul
Zin
The Shining One
Jiyva

Shops:
D }

Annotations:
D Sonja


Innate Abilities, Weirdness & Mutations

You have hooves in place of feet.
Your flesh is cold resistant.
You regenerate health from kills.


Message History

You feel a strange sense of stasis. Sonja barely misses you.
Sonja hits you but does no damage. Space bends around you.
Unknown command.
Drink which item? (? for menu, Esc to quit)
You feel better. Sonja closely misses you. Sonja hits you but does no damage.
You feel a strange sense of stasis. Sonja hits you but does no damage.
Space warps horribly around you!
* * * LOW HITPOINT WARNING * * *
Sonja barely misses you. Sonja hits you but does no damage.
You feel a strange sense of stasis. Sonja barely misses you.
Drink which item? (? for menu, Esc to quit)
Okay, then.
You closely miss Sonja. Your kick misses Sonja.
Sonja is lightly wounded.
Sonja barely misses you. Sonja closely misses you. Sonja misses you. x2
Sonja hits you with an uncursed dagger of distortion.
* * * LOW HITPOINT WARNING * * *
Space warps horribly around you!
You die...
Xom bursts into laughter!

#..'..#..'..#..+^.+..#
#..#####+#####'#__####
#.)####..#...#.####
#..#__####..##.#
#..#_.___##+#..+
#⌠⌠#_.∩...+.(._#
####_..._##_.#+#
#_____###K#.#
#########@###


+$($+ #$.$# ##.## #+# You could see Sonja.

Vanquished Creatures
  A slime creature (D)
  Sigmund (D)
  A yak (D)
  An ogre (D)
  A jelly (D)
  Ijyb (D)
6 creatures vanquished.

Notes
Turn   | Place    | Note
--------------------------------------------------------------
     0 | D        | Kidiri the Demonspawn Chaos Knight began the quest for the Orb.
     0 | D        | Reached XP level 1. HP: 18/18 MP: 1/1
     3 | D        | Noticed Ijyb
     9 | D        | XOM: potion effect (haste)
    16 | D        | Killed Ijyb
    16 | D        | Reached skill level 1 in Spellcasting
    16 | D        | Gained mutation: You have large cloven feet. [demonic ancestry]
    16 | D        | Reached XP level 2. HP: 22/24 MP: 2/4
    57 | D        | Noticed an ogre
    64 | D        | Killed an ogre
    64 | D        | Reached skill level 4 in Fighting
    64 | D        | Reached skill level 5 in Long Blades
    64 | D        | Gained mutation: You regenerate a little health from kills. [demonic ancestry]
    64 | D        | Reached XP level 3. HP: 28/30 MP: 4/6
    64 | D        | Gained mutation: You have hoof-like feet. [demonic ancestry]
    64 | D        | Reached XP level 4. HP: 34/37 MP: 4/7
    95 | D        | Noticed Sigmund
    96 | D        | XOM: potion effect (brilliance)
   100 | D        | Killed Sigmund
   100 | D        | Reached skill level 5 in Fighting
   100 | D        | Reached skill level 6 in Long Blades
   100 | D        | Reached skill level 5 in Armour
   100 | D        | Reached skill level 5 in Dodging
   100 | D        | Gained mutation: You regenerate health from kills. [demonic ancestry]
   100 | D        | Reached XP level 5. HP: 33/44 MP: 7/10
   130 | D        | Found a snail-covered altar of Cheibriados.
   130 | D        | Found a viscous altar of Jiyva.
   130 | D        | Found a shadowy altar of Dithmenos.
   130 | D        | Found a blossoming altar of Fedhas.
   130 | D        | Noticed a slime creature
   131 | D        | XOM: potion effect (invisibility)
   142 | D        | Killed a slime creature
   142 | D        | Reached skill level 7 in Long Blades
   142 | D        | Gained mutation: You have hooves in place of feet. [demonic ancestry]
   142 | D        | Reached XP level 6. HP: 38/52 MP: 10/12
   164 | D        | Found a deep blue altar of Sif Muna.
   166 | D        | Found a radiant altar of Vehumet.
   209 | D        | Found Linlumpoe's Gadget Emporium.
   209 | D        | Found a white marble altar of Elyvilon.
   209 | D        | Found a stormy altar of Qazlal.
   209 | D        | Found a burning altar of Makhleb.
   209 | D        | Found a sacrificial altar of Ru.
   209 | D        | Found an oddly glowing altar of Pakellas.
   209 | D        | Found a basalt altar of Yredelemnul.
   209 | D        | Found a glowing golden altar of the Shining One.
   209 | D        | Found a sparkling altar of Nemelex Xobeh.
   209 | D        | Found a shimmering altar of Xom.
   209 | D        | Found an opulent altar of Gozag.
   209 | D        | Found an ancient bone altar of Kikubaaqudgha.
   209 | D        | Found a glowing silver altar of Zin.
   209 | D        | Noticed a yak
   210 | D        | Found an iron altar of Okawaru.
   213 | D        | Found a bloodstained altar of Trog.
   221 | D        | Killed a yak
   221 | D        | Gained mutation: Your flesh is cold resistant. [demonic ancestry]
   221 | D        | Reached XP level 7. HP: 58/58 MP: 12/14
   233 | D        | Noticed Sonja
   238 | D        | XOM: potion effect (brilliance)
   240 | D        | HP: 2/58 [Sonja/uncursed dagger of distortion (4)]
   240 | D        | Demolished by Sonja

Vault maps used:
D:        dungeon_sprint_1

Action                   |  1- 3 |  4- 6 |  7- 9 || total
-------------------------+-------+-------+-------++-------
Melee: Falchion          |    14 |    30 |     2 ||    46
  Use: Potion            |     1 |       |     1 ||     2
 Stab: Invisible         |       |     4 |       ||     4
